 Dungeon Crawl Stone Soup version 0.21.1-1-g345015fe64 (webtiles) character file.

112 BorisKarlOrff the Slasher (level 4, -4/61 HPs)
             Began as a Minotaur Berserker on Mar 27, 2018.
             Was a Believer of Trog.
             Killed by divine providence
             ... invoked by an orc priest
              (12 damage)
             ... on level 3 of the Dungeon.
             The game lasted 00:03:51 (1629 turns).

BorisKarlOrff the Slasher (Minotaur Berserker)      Turns: 1629, Time: 00:03:52

Health: -4/61      AC:  6    Str: 26    XL:     4   Next: 64%
Magic:  3/3        EV: 12    Int:  5    God:    Trog [**....]
Gold:   148        SH:  0    Dex: 10    Spells: 3/3 levels left

rFire    . . .     SeeInvis .   b - +0 dagger (curse)
rCold    . . .     Gourm    .   (no shield)
rNeg     . . .     Faith    .   d - +1 ring mail (curse)
rPois    .         Spirit   .   (helmet restricted)
rElec    .         Reflect  .   (no cloak)
rCorr    .         Harm     .   (no gloves)
MR       .....                  (no boots)
Stlth    ..........             (no amulet)
HPRegen  0.20/turn              (no ring)
MPRegen  0.08/turn              (no ring)

@: berserking, very quick
A: retaliatory headbutt, horns 2
a: Berserk, Trog's Hand, Burn Spellbooks, Renounce Religion


You were on level 3 of the Dungeon.
You worshipped Trog.
Trog was pleased with you.
You were not hungry.

You visited 1 branch of the dungeon, and saw 3 of its levels.

You collected 148 gold pieces.

Inventory:

Hand Weapons
 a - a +0 falchion
 b - a cursed +0 dagger (weapon)
Armour
 d - a cursed +1 ring mail (worn)
Wands
 h - a wand of polymorph (14)
Scrolls
 f - 3 scrolls of identify
Potions
 e - a potion of ambrosia
Comestibles
 c - 5 rations


   Skills:
 + Level 4.5 Fighting
 + Level 1.2(2.9) Short Blades
 + Level 4.5(4.7) Long Blades
 + Level 3.6 Armour
 + Level 2.7 Dodging


You had 3 spell levels left.
You didn't know any spells.

Dungeon Overview and Level Annotations

Branches:
Dungeon (3/15)

Altars:
Nemelex Xobeh
Vehumet
Zin


Innate Abilities, Weirdness & Mutations

You reflexively headbutt those who attack you in melee.
You have a pair of horns on your head.


Message History

You smell sulphur.
It was a scroll of random uselessness.
The orc hits you with a flail.
* * * LOW HITPOINT WARNING * * *
The orc priest looks satisfied for a moment.
The gnoll picks up a scroll of identify.
A red film seems to cover your vision as you go berserk!
You feel yourself moving faster!
You feel mighty! The orc hits you but does no damage.
The orc priest barely misses you. The gnoll barely misses you.
You furiously retaliate!
You headbutt the gnoll!
You kill the gnoll!
Trog accepts your kill.
The orc returns to its original shape as it dies.
You closely miss the orc priest. You headbutt the orc priest!
The orc priest is heavily wounded.
The orc priest mumbles some strange prayers to Beogh against you.
Pain shoots through your body!
* * * LOW HITPOINT WARNING * * *
The orc priest invokes the aid of Beogh against you.
Beogh smites you!
You die...

........# .......#
o.....## #......##
#.......## #######+##
#.$......## ...%.....#
#.........# .......oo##
#o........# .......@?o#
#.........# ........#.#
#.........# ........#.##
#..o......+ .......$#..#
#.........#
##########.###..o......#
#.o####.###....
###o####.#######
#...o...........
#.##.###.######.


You could see 2 orc priests and an orc.

Vanquished Creatures
  An orc wizard (D:2)
  A gnoll (D:3)
  An adder (D:2)
  2 worms (D:2)
  A dart slug (D:1)
  3 leopard geckos
  3 orcs
  A ball python (D:3)
  4 goblins
  13 hobgoblins
  3 jackals (D:1)
  A kobold (D:1)
  A quokka (D:2)
  4 bats
  3 frilled lizards
  7 rats
49 creatures vanquished.

Notes
Turn   | Place    | Note
-------+----------+-------------------------------------------
     0 | D:1      | BorisKarlOrff the Minotaur Berserker began the quest for the Orb.
     0 | D:1      | Reached XP level 1. HP: 19/19 MP: 0/0
   145 | D:1      | Reached XP level 2. HP: 21/27 MP: 1/1
   457 | D:1      | Reached ** piety under Trog
   796 | D:2      | Reached XP level 3. HP: 33/33 MP: 2/2
   981 | D:2      | Found a radiant altar of Vehumet.
  1153 | D:2      | Reached skill level 1 in Short Blades
  1153 | D:2      | Reached XP level 4. HP: 25/41 MP: 3/3
  1257 | D:2      | Found a glowing silver altar of Zin.
  1541 | D:3      | Found a sparkling altar of Nemelex Xobeh.
  1629 | D:3      | Killed from afar by an orc priest

Skill      XL: |  1  2  3 |
---------------+----------+-----
Fighting       | 4 |  4.5
Long Blades    | 4 |  4.5
Armour         | 3 |  3.6
Short Blades   | 1 |  1.2
Dodging        | |  2.7

Action                   |  1- 3 |  4- 6 || total
-------------------------+-------+-------++-------
Melee: Falchion          |     8 |       ||     8
       Dagger            |    95 |    30 ||   125
       Headbutt          |    21 |     4 ||    25
Invok: Berserk           |       |     1 ||     1
Evoke: Wand              |       |     1 ||     1
  Use: Scroll            |     2 |     1 ||     3
  Eat: Ration            |     2 |       ||     2
Armor: Ring mail         |    43 |    11 ||    54
Dodge: Dodged            |    75 |    19 ||    94
       Rpst.: Falchion   |     1 |       ||     1
